 Dungeon Crawl Stone Soup version 0.18-a0-1747-g18c4181 (webtiles) character file.

163891 Moloch the Phalangite (level 17, -14/167 HPs)
             Began as a Centaur Berserker on Apr 12, 2016.
             Was the Champion of Trog.
             Killed from afar by a deep elf annihilator (64 damage)
             ... with an iron shot
             ... on level 1 of the Elven Halls.
             The game lasted 02:08:26 (39129 turns).

Moloch the Phalangite (Centaur Berserker)          Turns: 39129, Time: 02:08:26

Health: -14/167    AC: 29    Str: 27    XL:     17   Next: 24%
Magic:  0/6        EV:  7    Int: 12    God:    Trog [******]
Gold:   2062       SH:  0    Dex:  9    Spells: 0 memorised, 16 levels left

rFire  + + +     SeeInvis .     O - +0 bardiche (antimagic)
rCold  + . .     Gourm    .     l - +4 moon troll leather armour {Spirit, Regen++ MP+5}
rNeg   + . .     Faith    +     (shield currently unavailable)
rPois  .         Spirit   +     F - +1 helmet
rElec  +         Dismiss  .     Z - +2 cloak {MR+}
rCorr  .         Reflect  .     w - +0 pair of gloves {Str+3}
SustAt .         Harm     .     S - +1 centaur barding of the Pits of Slime {rF+++ Int+6}
MR     ++...                    d - amulet of faith
Stlth  ..........               L - ring of protection from cold
                                I - ring of positive energy

@: very quick, very resistant to hostile enchantments, extremely unstealthy
A: hooves 3, rough black scales 1, blink, deformed body, deterioration 1, speed
2, low mp 1, mutation resistance 1, robust 1, screaming 1, electricity
resistance, tough skin 3, weak 1
a: Blink, Berserk, Trog's Hand, Brothers in Arms, Burn Spellbooks, Renounce
Religion


You were on level 1 of the Elven Halls.
You worshipped Trog.
Trog was exalted by your worship.
You were not hungry.

You visited 4 branches of the dungeon, and saw 26 of its levels.
You also visited: Labyrinth, Trove, Ossuary, Ice Cave and Wizlab.

You collected 3281 gold pieces.
You spent 1219 gold pieces at shops.

Inventory:

Hand Weapons
 O - a +0 antimagic bardiche (weapon)
 Y - a +2 halberd of venom
Missiles
 b - a throwing net (quivered)
Armour
 l - the +4 moon troll leather armour (worn) {Spirit, Regen++ MP+5}
   (You took it off a moon troll in a wizard's laboratory)

   It affects your magic capacity (+5).
   It increases your rate of regeneration.
 s - the +1 ring mail of Eqykhafe {rN+ MR++ SInv Stlth-}
   (You bought it in a shop on level 13 of the Dungeon)

   It protects you from negative energy.
   It affects your resistance to hostile enchantments.
   It lets you see invisible.
   It makes you less stealthy.
 w - a +0 pair of gloves of strength (worn)
 F - a +1 helmet (worn)
 S - the +1 centaur barding of the Pits of Slime (worn) {rF+++ Int+6}
   (You found it in a treasure trove)

   It affects your intelligence (+6).
   It renders you almost immune to fire.
 Z - a +2 cloak of magic resistance (worn)
Jewellery
 d - an amulet of faith (around neck)
 x - an uncursed ring of flight
 H - an uncursed amulet of regeneration
 I - a ring of positive energy (left hand)
 K - the amulet "Omokh" {Faith -Tele rF+ rN+++ MR+}
   (You found it in a treasure trove)

   [amulet of faith]

   It allows you to gain divine favour quickly.
   It protects you from fire.
   It renders you almost immune to negative energy.
   It affects your resistance to hostile enchantments.
   It prevents most forms of teleportation.
 L - a ring of protection from cold (right hand)
Wands
 T - a wand of disintegration (10/24)
 U - a wand of digging (24/24)
Scrolls
 a - 6 scrolls of magic mapping
 h - 8 scrolls of remove curse
 j - 5 scrolls of fear
 y - 4 scrolls of blinking
 A - 15 scrolls of teleportation
 B - 5 scrolls of enchant weapon
 G - 2 scrolls of silence
 M - 2 scrolls of enchant armour
 P - 9 scrolls of fog
 V - 5 scrolls of recharging
Potions
 e - 4 potions of mutation
 g - 9 potions of flight
 n - 5 potions of brilliance
 o - 5 potions of agility
 p - 3 potions of might
 r - 4 potions of resistance
 t - 3 potions of haste
 v - 7 potions of curing
 z - a potion of berserk rage
 C - 2 potions of magic
 D - 2 potions of cure mutation
 E - a potion of beneficial mutation
 J - a potion of cancellation
 Q - a potion of invisibility
 R - 2 potions of heal wounds
Books
 i - a book of Battle

   Spells                             Type                      Level
   a - Infusion                       Charms                       1
   b - Shroud of Golubria             Charms/Translocation         2
   c - Song of Slaying                Charms                       2
   d - Spectral Weapon                Hexes/Charms                 3
   e - Regeneration                   Charms/Necromancy            3
   Trog disapproves of the use of such an item.
 X - the Compendium of Enhancements and Air
   (You found it on level 7 of the Lair of Beasts)

   Spells                             Type                      Level
   a - Shock                          Conjuration/Air              1
   b - Repel Missiles                 Charms/Air                   2
   c - Static Discharge               Conjuration/Air              3
   d - Spectral Weapon                Hexes/Charms                 3
   e - Summon Lightning Spire         Summoning/Air                4
   f - Haste                          Charms                       6
   Trog disapproves of the use of such an item.
Miscellaneous
 u - a legendary deck of defence {the Helm}
Comestibles
 c - 15 bread rations
 m - 9 royal jellies
 q - 13 meat rations
 N - 11 fruits
 W - a slice of pizza


   Skills:
 + Level 14.0 Fighting
 + Level 21.5 Polearms
 + Level 10.4 Armour
 - Level 1.3 Dodging


You had 16 spell levels left.
You didn't know any spells.

Dungeon Overview and Level Annotations

Branches:
Dungeon (15/15)            Temple (0/1) D:7            Lair (8/8) D:11
  Swamp (0/4) Lair:3        Snake (0/4) Lair:6        Slime (0/6) Lair:8
    Orc (2/2) D:10            Elf (1/3) Orc:2        Vaults (0/5) D:13
 Depths (0/5) D:15

Altars:
Ashenzari
Dithmenos
Elyvilon
Gozag
Kikubaaqudgha
Makhleb
Nemelex Xobeh
Pakellas
Qazlal
Ru
Sif Muna
Vehumet
Yredelemnul
The Shining One
Beogh
Jiyva

Shops:
D:4 =   D:5 ?   D:9 ?   D:13 [   D:14 *   Orc:2 *([=   Elf:1 (

Annotations:
Lair:6 exclusion: oklob plant
Orc:1 exclusion: downstairs


Innate Abilities, Weirdness & Mutations

You have hooves in place of feet.
Armour fits poorly on your strangely shaped body.
You cover ground very quickly.
You have extremely tough skin (AC +3).
You are partially covered in rough black scales (AC +4, Dex -1).
You can translocate small distances at will.
Your body sometimes deteriorates upon taking damage.
Your magical capacity is low (-10% MP).
You are somewhat resistant to further mutation.
You are robust (+10% HP).
You occasionally shout uncontrollably at your foes.
You are resistant to electric shocks.
You are weak. (Str -2)


Message History

Trog appreciates your killing of a magic user.
Something appears before you! Trog grants you a gift!
Reactivating autopickup.
You feel a bit more experienced.
You see here a bloodstained rapier {god gift}.
The deep elf archer unwields an uncursed short sword of draining.
The deep elf archer wields a shortbow.
The deep elf archer shoots an arrow.
The arrow hits you but does no damage.
You see here an arrow.
Things that are here:
a long sword; a buckler The deep elf annihilator casts a spell at you.
The crystal spear hits you!
* * * LOW HITPOINT WARNING * * *
Drink which item? (? for menu, Esc to quit)
You feel much better.
The deep elf annihilator points at you and mumbles some strange words.
The iron shot hits you!
You die...

#.....# #..##..##.,* #......
#####E# #.........,* #.###.#
##'## *.####.##.## #.# #.# #
##...###...,...,..# #.# #.. #
##.....###.#*#.#*#.# #.# ##. #
##.......##.###.###.# #.###[.
###.........#.##...##.#####.....)
).'........e'ee.......)..........
###.........#.##@..##.########...
..##.......##.###.###.# ##....
..###.....###)###)###.# #.....
..####.....##.e).(....# #.....
...####.###.#####.##### ###.....
..#.##.## ##.## #.# #.......
####..## ##.# #.# ##....... #..#
*.# #.# #........ *#..#* **,# #.#
##......>.


You could see a deep elf annihilator and 2 deep elf magi.

Vanquished Creatures
  Rupert (Lair:3)
  A moon troll (WizLab)
  A quicksilver dragon (WizLab)
  5 tentacled starspawn (WizLab)
  Kirke (D:12)
  A cacodemon (WizLab)
  Louise (D:15)
  6 stone giants
  3 starcursed masses (WizLab)
  2 very ugly things (WizLab)
  A dire elephant (Lair:8)
  An ettin (D:14)
  A crystal guardian (WizLab)
  Josephine (D:12)
  2 fire dragons (D:14)
  7 vault guards
  2 great orbs of eyes (WizLab)
  Fannar (D:12)
  13 hydras
  2 centaur warriors
  Erolcha (D:9)
  3 catoblepae
  A death knight (D:15)
  3 dancing weapons (Elf:1)
  A tengu warrior (D:13)
  An ogre mage (D:15)
  A deep troll shaman (Lair:8)
  13 death yaks
  3 orc high priests
  Urug (D:10)
  4 deep elf knights (Elf:1)
  Nergalle (D:12)
  A fire crab (Lair:8)
  2 wretched stars (WizLab)
  2 unseen horrors
  3 giant orange brains (WizLab)
  A flayed ghost (D:14)
  3 hill giants
  Pikel (D:9)
  A harpy (D:13)
  5 orc knights (Orc:1)
  13 deep elf magi
  3 orc sorcerers
  2 ugly things (D:12)
  A wizard (D:15)
  5 griffons
  3 manticores
  3 cyclopes
  An elephant (shapeshifter) (D:15)
  5 eyes of devastation (WizLab)
  10 elephants (Lair:8)
  3 black mambas
  An ice statue (IceCv)
  2 torpor snails
  19 spiny frogs
  3 centaur skeletons
  2 efreet (D:14)
  3 freezing wraiths (D:15)
  3 rime drakes
  9 komodo dragons
  12 polar bears (IceCv)
  10 trolls
  6 two-headed ogres
  3 minotaur zombies (Lab)
  A harpy zombie (D:15)
  3 tengu conjurers
  13 slime creatures
  12 blink frogs
  A boulder beetle (Lair:7)
  5 wraiths
  A shadow (D:15)
  A water elemental (D:15)
  An air elemental (Elf:1)
  2 fire elementals (Elf:1)
  3 hogs (D:12)
  A wyvern (D:13)
  49 yaks
  5 golden eyes (WizLab)
  A neqoxec (WizLab)
  12 hippogriffs
  3 basilisks
  4 vampire mosquitoes (Lair:3)
  Menkaure (D:4)
  A hungry ghost (D:12)
  4 mottled dragons
  3 wargs
  A soldier ant (shapeshifter) (D:13)
  20 water moccasins
  A soldier ant (D:11)
  7 ice beasts
  11 porcupines
  31 orc warriors
  A slave (D:9)
  4 black bears
  2 eyes of draining
  3 necrophages
  A wasp (D:11)
  4 sky beasts
  14 ogres
  2 phantoms (D:4)
  26 wolves
  13 centaurs
  13 crocodiles
  A big kobold (D:10)
  14 giant frogs
  A gnoll sergeant (D:10)
  11 scorpions
  A wyvern skeleton (D:14)
  9 wights
  10 killer bees
  12 electric eels
  5 howler monkeys
  A giant frog zombie (D:4)
  10 crimson imps
  A human zombie (Ossuary)
  A wyvern simulacrum (D:12)
  10 centaur zombies
  6 hounds
  13 orc priests
  5 jellies
  3 giant frog skeletons
  12 orc wizards
  9 worker ants
  13 iguanas
  11 sheep
  2 big kobold zombies (Ossuary)
  A hound zombie (D:10)
  2 mummies (Ossuary)
  2 worker ant zombies (D:9)
  24 adders
  13 gnolls
  A river rat (Lair:3)
  6 scorpion zombies (Ossuary)
  6 shadow imps
  3 white imps (Lair:2)
  3 oozes
  An adder zombie (D:8)
  An adder skeleton (D:10)
  3 worms
  2 dart slugs (D:1)
  4 giant geckos
  78 orcs
  3 goblins
  4 hobgoblins (D:3)
  11 jackals
  7 quokkas
  10 bats
  6 giant newts
  3 gnoll zombies (Ossuary)
  10 kobolds
  A kobold zombie (Ossuary)
  2 orc zombies (Ossuary)
  8 rats
  A bush (Lair:8)
  A fungus (Lair:5)
  3 plants (D:11)
  9 starspawn tentacles (WizLab)
898 creatures vanquished.

Vanquished Creatures (collateral kills)
  A tentacled starspawn (WizLab)
  An orc warlord (Orc:2)
  3 very ugly things (WizLab)
  2 stone giants (WizLab)
  A white draconian (IceCv)
  A minotaur (Lab)
  A hydra (Lair:2)
  A death yak (IceCv)
  Sonja (Lair:3)
  The ghost of Qrupt the Skirmisher, a novice DrTm of Makhleb (D:6)
  An orange crystal statue (WizLab)
  2 giant orange brains (WizLab)
  An ugly thing (WizLab)
  An oklob plant (Lair:4)
  A black mamba (Lair:3)
  A spiny frog (Lair:3)
  5 polar bears (IceCv)
  A wraith (D:11)
  A yak (IceCv)
  A hungry ghost (D:10)
  A warg (Orc:1)
  2 vampire mosquitoes (Lair:3)
  A porcupine (Lair:3)
  3 killer bees
  A starcursed mass (WizLab)
  An orc priest (Orc:1)
  9 white imps (Lair:2)
  2 orcs (Orc:1)
  2 bushes (Lair:4)
50 creatures vanquished.

Vanquished Creatures (others)
  A slave (D:9)
  A scorpion (Ossuary)
  A hound (D:9)
  A mummy (Ossuary)
  An adder (D:9)
  An orc (Orc:2)
  11 fungi
  4 plants
  12 starspawn tentacles (WizLab)
  105 starspawn tentacle segments (WizLab)
138 creatures vanquished.

Grand Total: 1086 creatures vanquished

Notes
Turn   | Place    | Note
--------------------------------------------------------------
     0 | D:1      | Moloch the Centaur Berserker began the quest for the Orb.
     0 | D:1      | Reached XP level 1. HP: 19/19 MP: 1/1
   130 | D:1      | Reached skill level 3 in Polearms
   275 | D:1      | Reached XP level 2. HP: 26/26 MP: 2/2
   399 | D:1      | Reached ** piety under Trog
   830 | D:2      | Reached XP level 3. HP: 31/31 MP: 3/3
  1013 | D:2      | Reached skill level 4 in Polearms
  1590 | D:3      | Reached XP level 4. HP: 38/38 MP: 4/4
  1599 | D:3      | Found an opulent altar of Gozag.
  1603 | D:3      | Found a burning altar of Makhleb.
  1658 | D:3      | Reached skill level 5 in Polearms
  1677 | D:3      | Found a shadowy altar of Dithmenos.
  1678 | D:3      | Found a sacrificial altar of Ru.
  1787 | D:3      | Reached *** piety under Trog
  1811 | D:3      | Reached XP level 5. HP: 32/45 MP: 5/5
  1888 | D:3      | Found a sparkling altar of Nemelex Xobeh.
  1889 | D:3      | Found a basalt altar of Yredelemnul.
  1987 | D:4      | Noticed a phantom
  2064 | D:4      | Killed a phantom
  2064 | D:4      | Reached skill level 6 in Polearms
  2392 | D:4      | Reached XP level 6. HP: 49/51 MP: 6/6
  2564 | D:4      | HP: 2/51 [poisoned by a scorpion]
  2569 | D:3      | HP: 2/51 [poisoned by a scorpion]
  2958 | D:4      | Reached skill level 7 in Polearms
  2963 | D:4      | Noticed Menkaure
  2968 | D:4      | Killed Menkaure
  2968 | D:4      | Reached XP level 7. HP: 18/57 MP: 7/7
  3507 | D:4      | Found Tinowkaill's Jewellery Shop.
  3592 | D:4      | Reached skill level 8 in Polearms
  3740 | D:5      | Entered Level 5 of the Dungeon
  3879 | D:5      | Found Vof Baun's Magic Scroll Boutique.
  3884 | D:5      | Bought a scroll of blinking for 90 gold pieces
  3884 | D:5      | Bought a scroll of teleportation for 36 gold pieces
  3884 | D:5      | Bought a scroll of identify for 24 gold pieces
  3884 | D:5      | Bought a scroll of identify for 24 gold pieces
  3884 | D:5      | Bought a scroll of identify for 24 gold pieces
  3932 | D:5      | Found a white marble altar of Elyvilon.
  3964 | D:5      | Reached skill level 9 in Polearms
  3964 | D:5      | Reached XP level 8. HP: 63/63 MP: 8/8
  4186 | D:5      | Reached **** piety under Trog
  4722 | D:6      | Reached skill level 10 in Polearms
  5113 | D:6      | Found a radiant altar of Vehumet.
  5175 | D:6      | Noticed Qrupt's ghost (novice DrTm)
  5645 | D:6      | Killed Qrupt's ghost
  5645 | D:6      | Reached skill level 11 in Polearms
  5645 | D:6      | Reached XP level 9. HP: 52/69 MP: 9/9
  5944 | D:6      | Found an ancient bone altar of Kikubaaqudgha.
  5945 | D:6      | Found a deep blue altar of Sif Muna.
  5952 | D:6      | Identified Sif Muna's Disquisition on Hexes
  6173 | D:7      | Found a staircase to the Ecumenical Temple.
  6393 | D:7      | Found a stormy altar of Qazlal.
  6542 | D:7      | Gained mutation: Your body sometimes deteriorates upon taking damage. [mutagenic meat]
  6543 | D:7      | Gained mutation: You are robust (+10% HP). [mutagenic meat]
  6544 | D:7      | Gained mutation: You are partially covered in rough black scales (AC +4, Dex -1). [mutagenic meat]
  6545 | D:7      | Gained mutation: Your magical capacity is low (-10% MP). [mutagenic meat]
  6546 | D:7      | Gained mutation: You are somewhat resistant to further mutation. [mutagenic meat]
  6647 | D:8      | Found a sand-covered staircase.
  6651 | Ossuary  | Entered an ossuary
  6943 | Ossuary  | Reached skill level 12 in Polearms
  7570 | D:8      | Found an oddly glowing altar of Pakellas.
  7606 | D:8      | Found a glowing golden altar of the Shining One.
  8537 | D:9      | Reached skill level 13 in Polearms
  8623 | D:9      | Reached XP level 10. HP: 78/84 MP: 9/9
  8665 | D:9      | Found an oddly glowing altar of Pakellas.
  9180 | D:9      | Found a shattered altar of Ashenzari.
  9181 | D:9      | Noticed Pikel
  9195 | D:9      | Killed Pikel
  9195 | D:9      | Reached skill level 14 in Polearms
  9213 | D:9      | Found Aqa Seni's Magic Scroll Emporium.
  9221 | D:9      | Bought a scroll of magic mapping for 38 gold pieces
  9221 | D:9      | Bought a scroll of magic mapping for 38 gold pieces
  9318 | D:9      | Noticed Erolcha
  9335 | D:9      | Killed Erolcha
  9802 | D:10     | Entered Level 10 of the Dungeon
 10150 | D:10     | Noticed Urug
 10159 | D:10     | Killed Urug
 10159 | D:10     | Reached skill level 15 in Polearms
 10159 | D:10     | Reached XP level 11. HP: 54/90 MP: 9/9
 11190 | D:10     | Found a staircase to the Orcish Mines.
 11626 | D:10     | Reached ***** piety under Trog
 11727 | D:11     | Noticed a hill giant
 11776 | D:11     | Found a labyrinth entrance.
 12038 | D:11     | Killed a hill giant
 12055 | D:11     | Found a portal to a secret trove of treasure.
 12073 | Lab      | Entered a labyrinth
 12428 | Lab      | Noticed a minotaur
 12439 | Lab      | Killed a minotaur
 12439 | Lab      | Reached skill level 16 in Polearms
 12729 | Lab      | Got a twitching tin ring
 12732 | Lab      | Identified the ring "Gekoujucw" {*Confuse MP+9 AC+2 Str+2} (You found it in a labyrinth)
 13015 | Lab      | Identified the Reference Book on Lucky Fire (You found it in a labyrinth)
 13137 | D:11     | Found a staircase to the Lair.
 14032 | Orc:1    | Entered Level 1 of the Orcish Mines
 14160 | Orc:1    | Noticed a stone giant
 14482 | Orc:1    | Killed a stone giant
 15169 | Orc:2    | Entered Level 2 of the Orcish Mines
 15187 | Orc:2    | Found Ifeif's General Store.
 15187 | Orc:2    | Noticed an orc knight
 15381 | Orc:1    | Killed an orc knight
 15658 | Orc:2    | Noticed an orc knight
 15794 | Orc:1    | Killed an orc knight
 15794 | Orc:1    | Reached XP level 12. HP: 100/100 MP: 10/10
 16466 | Orc:2    | Found Bibischuh's Antique Armour Shoppe.
 16494 | Orc:2    | Bought a runed helmet for 94 gold pieces
 17080 | Orc:2    | Noticed an orc high priest
 17083 | Orc:2    | Noticed an orc warlord
 17087 | Orc:2    | Noticed an orc high priest
 17089 | Orc:2    | Noticed an orc high priest
 17097 | Orc:1    | Killed an orc high priest
 17300 | Orc:2    | Reached skill level 17 in Polearms
 17389 | Orc:1    | Reached skill level 5 in Fighting
 18088 | Orc:2    | Found Goqu's Antique Weapon Shoppe.
 18228 | Orc:2    | Killed an orc high priest
 18290 | Orc:2    | Found Zonno's Jewellery Boutique.
 18315 | Orc:2    | Killed an orc warlord
 18472 | Orc:2    | Found a staircase to the Elven Halls.
 18628 | Orc:2    | Killed an orc high priest
 18981 | Orc:2    | Found a roughly hewn altar of Beogh.
 19152 | Lair:1   | Entered Level 1 of the Lair of Beasts
 19256 | Lair:1   | Reached skill level 5 in Armour
 19305 | Lair:1   | Received a gift from Trog
 19496 | Lair:1   | Reached XP level 13. HP: 91/114 MP: 11/11
 19820 | Lair:2   | Found a frozen archway.
 19867 | IceCv    | Entered an ice cave
 20335 | IceCv    | Received a gift from Trog
 20709 | IceCv    | Reached skill level 18 in Polearms
 21193 | IceCv    | Noticed a white draconian
 21209 | IceCv    | Killed a white draconian
 21835 | Lair:2   | Received a gift from Trog
 22264 | Lair:3   | Noticed Sonja
 22267 | Lair:3   | Killed Sonja
 22322 | Lair:3   | Found a staircase to the Swamp.
 22851 | Lair:3   | Noticed Rupert
 22916 | Lair:3   | Killed Rupert
 23602 | Lair:4   | Reached XP level 14. HP: 97/129 MP: 12/12
 24870 | Lair:5   | Got a dazzling buckler
 25044 | Lair:5   | Identified the +1 buckler of Imperfection {rPois Regen+} (You found it on level 5 of the Lair of Beasts)
 25298 | Lair:6   | Received a gift from Trog
 25589 | Lair:6   | Found a staircase to the Snake Pit.
 26666 | Lair:7   | Reached skill level 10 in Fighting
 26710 | Lair:7   | Identified the Compendium of Enhancements and Air (You found it on level 7 of the Lair of Beasts)
 27284 | Lair:7   | Reached skill level 19 in Polearms
 27802 | Lair:8   | Entered Level 8 of the Lair of Beasts
 28363 | Lair:8   | Reached ****** piety under Trog
 28531 | Lair:8   | Found a staircase to the Slime Pits.
 28531 | Lair:8   | Found a viscous altar of Jiyva.
 28810 | Lair:8   | Received a gift from Trog
 28810 | Lair:8   | Reached XP level 15. HP: 122/140 MP: 13/13
 29889 | D:12     | Noticed Fannar
 29904 | D:12     | Killed Fannar
 30191 | D:12     | Noticed Josephine
 30203 | D:12     | Killed Josephine
 30203 | D:12     | Received a gift from Trog
 30206 | D:12     | Noticed Nergalle
 30304 | D:12     | Killed Nergalle
 30549 | D:12     | Received a gift from Trog
 30777 | D:12     | Noticed Kirke
 30786 | D:12     | Killed Kirke
 31153 | D:12     | Reached skill level 20 in Polearms
 31386 | D:13     | Found Zaunyzub's Antique Armour Emporium.
 31734 | D:13     | Bought a jewelled ring mail for 324 gold pieces
 31734 | D:13     | Bought a pair of glowing gloves for 162 gold pieces
 31755 | D:13     | Identified the +1 ring mail of Eqykhafe {rN+ MR++ SInv Stlth-} (You bought it in a shop on level 13 of the Dungeon)
 31886 | D:13     | Found a gate to the Vaults.
 31954 | D:13     | Received a gift from Trog
 32552 | D:13     | Got a brightly glowing zirconium amulet
 32580 | D:13     | Identified the amulet of Eternity {Reflect *Confuse rN++ SH+3} (You found it on level 13 of the Dungeon)
 32668 | D:14     | Found Paugam's General Store.
 32704 | D:14     | Bought a potion of curing for 51 gold pieces
 33181 | D:14     | Found a runed door.
 33203 | D:14     | Reached XP level 16. HP: 146/155 MP: 14/14
 33556 | D:15     | Entered Level 15 of the Dungeon
 34535 | D:15     | Noticed Louise
 34554 | D:15     | Killed Louise
 35002 | D:15     | Received a gift from Trog
 35063 | D:15     | Got a transparent battleaxe {god gift}
 35135 | D:15     | Found a staircase to the Depths.
 35473 | Elf:1    | Entered Level 1 of the Elven Halls
 35584 | Elf:1    | Found a magical portal.
 35595 | WizLab   | Entered Lehudib's Moon Base
 35607 | WizLab   | Noticed a tentacled starspawn
 35620 | WizLab   | Killed a tentacled starspawn
 35874 | WizLab   | Reached skill level 10 in Armour
 35889 | WizLab   | Gained mutation: You can translocate small distances at will. [mutagenic meat]
 35890 | WizLab   | Gained mutation: You are resistant to electric shocks. [mutagenic meat]
 36443 | WizLab   | Noticed a tentacled starspawn
 36461 | WizLab   | Killed a tentacled starspawn
 36461 | WizLab   | Reached skill level 21 in Polearms
 36749 | WizLab   | Gained mutation: You are weak. (Str -2) [a cacodemon]
 36836 | WizLab   | Noticed a tentacled starspawn
 36842 | WizLab   | Killed a tentacled starspawn
 36873 | WizLab   | HP: 2/158 [disintegration (43)]
 37545 | WizLab   | Gained mutation: You occasionally shout uncontrollably at your foes. [a neqoxec]
 37590 | WizLab   | Noticed a tentacled starspawn
 37610 | WizLab   | Killed a tentacled starspawn
 37624 | WizLab   | Reached XP level 17. HP: 166/166 MP: 15/15
 37760 | WizLab   | Noticed a quicksilver dragon
 37773 | WizLab   | Killed a quicksilver dragon
 37814 | WizLab   | Noticed a moon troll
 37825 | WizLab   | Killed a moon troll
 37864 | WizLab   | Identified Lehudib's Guide on Shifting Earth
 38157 | D:5      | Bought a scroll of enchant armour for 90 gold pieces
 38157 | D:5      | Bought a scroll of blinking for 90 gold pieces
 38157 | D:5      | Bought a scroll of blinking for 90 gold pieces
 38272 | D:11     | You paid a toll of a +2 fire dragon armour to enter a treasure trove
 38273 | Trove    | Entered a treasure trove
 38296 | Trove    | Got a heavily runed lead amulet
 38353 | Trove    | Got a transparent centaur barding
 38359 | Trove    | Identified the +2 centaur barding of Grace {rN+ Stlth+} (You found it in a treasure trove)
 38360 | Trove    | Got a fine centaur barding
 38371 | Trove    | Identified the +1 centaur barding of the Pits of Slime {rF+++ Int+6} (You found it in a treasure trove)
 38451 | D:9      | Bought a scroll of identify for 22 gold pieces
 38451 | D:9      | Bought a scroll of identify for 22 gold pieces
 38451 | D:9      | Identified the amulet "Omokh" {Faith -Tele rF+ rN+++ MR+} (You found it in a treasure trove)
 38702 | Elf:1    | Found Segiet's Weapon Emporium.
 39009 | Elf:1    | Found an ancient bone altar of Kikubaaqudgha.
 39120 | Elf:1    | Received a gift from Trog
 39129 | Elf:1    | Killed from afar by a deep elf annihilator

Vault maps used:
D:1:      minmay_arrival_split_and_join
D:2:      hangedman_decor_clover_reticule, lemuel_flame_loot_1
D:3:      minitemple, grunt_temple_overflow_open,
          nicolae_gozag_cash_rules_everything_around_me
D:4:      black_bear_nest_1, serial_shops, shop, uniq_menkaure
D:5:      marbit_many_paths, serial_curves, eino_curves_04, eino_curves_02,
          first_bread, serial_shops, nicolae_shop_crystal
D:6:      grunt_temple_overflow_magic_moments
D:7:      overflow_temple_1_default, temple_statues
D:8:      old_standard_altar, nicolae_ossuary_entry_plus, grunt_pakellas_sulfur
D:9:      lemuel_doored_altar, overflow_temple_1_default, serial_shops,
          nicolae_shop_trees, uniq_pikel, uniq_erolcha
D:10:     orc_0_dummy, uniq_urug
D:11:     statuecave_lemuel, dpeg_oklobed_lair, lab_entry_generic,
          enter_trove_0, hangedman_pestilent_swarm, minivault_24,
          amethyst_killhole
D:12:     hangedman_cross_cluster, uniq_josephine, uniq_nergalle, uniq_fannar,
          uniq_kirke
D:13:     erik_vaults_2, serial_shops, nicolae_shop_statue_plus,
          small_statue_alley_a
D:14:     serial_shops, shop, minmay_hidden_floor
D:15:     grunt_enter_depths_hoard, nrook_pool_corridor, uniq_louise
Lair:2:   portal_ice_cave_entry_imps, infiniplex_staircase_pool,
          grunt_megastairs_2
Lair:3:   minmay_swamp_entry_swarm, st_stairs_3, grunt_megastairs_5, uniq_sonja,
          uniq_rupert
Lair:4:   nicolae_lair_grove_arrangements, grunt_forest_stairs_basic,
          minmay_lair_oklob_bushes
Lair:5:   serial_bayou_pond_a, lemuel_fruit_tree
Lair:6:   minmay_lair_oklob_tunnel, dummy_snake_entry, serial_forest,
          infiniplex_forest_straight_2, infiniplex_forest_end_2,
          infiniplex_forest_zigzag_2, infiniplex_forest_clump_double,
          infiniplex_forest_end_2, beast_lair_carwin_9,
          infiniplex_staircase_pool_2
Lair:7:   grunt_megastairs_3, serial_bayou_shore_a
Lair:8:   grunt_lair_end_beastmaster, slime_altar_1
Orc:2:    grunt_orc_gardens, grunt_orc_garden, grunt_orc_garden,
          grunt_orc_garden, grunt_orc_garden, nicolae_orc_rockfall,
          minmay_orc_temple_b
Elf:1:    eino_elf_arrival_customs, basic_altar,
          infiniplex_enter_wizlab_glasses, serial_shops, nicolae_shop_trees,
          minivault_28, uniq_aizul
Lab:      labyrinth_hidden_loot
Trove:    trove_garden
Ossuary:  ossuary_minmay_scorpions
IceCv:    ice_cave_caverns_02
WizLab:   wizlab_lehudib

Skill      XL: |  1  2  3  4  5  6  7  8  9 10 11 12 13 14 15 16 17 |
---------------+----------------------------------------------------+-----
Polearms       | 3 4 5 6 7 9 11 13 15 16 17 18 19 20 21 | 21.5
Armour         | 2 5 6 8 9 10 | 10.4
Fighting       | 6 9 10 12 13 14 | 14.0
Dodging        | |  1.3

Action                   |  1- 3 |  4- 6 |  7- 9 | 10-12 | 13-15 | 16-18 || total
-------------------------+-------+-------+-------+-------+-------+-------++-------
Melee: Spear             |   142 |    22 |       |       |       |       ||   164
       Kick              |    18 |    26 |   116 |   233 |   541 |   229 ||  1163
       Halberd           |       |   152 |   615 |  1141 |  2022 |   620 ||  4550
       Bardiche          |       |       |       |       |       |    50 ||    50
Throw: Tomahawk          |       |       |       |    15 |     9 |       ||    24
       Javelin           |       |       |       |     7 |       |       ||     7
Invok: Berserk           |       |     2 |     8 |    22 |    25 |     8 ||    65
       Brothers in Arms  |       |       |     2 |     7 |     5 |     5 ||    19
       Trog's Hand       |       |       |     1 |     2 |     5 |     2 ||    10
       Burn Spellbooks   |       |       |     1 |     2 |     5 |     2 ||    10
Evoke: Club              |       |       |       |     1 |     6 |       ||     7
  Use: Scroll            |       |       |    11 |    14 |    16 |    10 ||    51
       Potion            |       |       |       |     2 |       |     1 ||     3
 Stab: Petrified         |       |       |       |       |     4 |       ||     4
       Petrifying        |       |       |       |       |     2 |       ||     2
       Distracted        |       |       |       |       |       |     1 ||     1
  Eat: Chunk             |     1 |     5 |    25 |    48 |    61 |    34 ||   174
       Pizza             |       |       |     1 |       |       |       ||     1
       Royal jelly       |       |       |     2 |       |       |       ||     2
       Fruit             |       |       |       |     8 |     2 |     9 ||    19
       Beef jerky        |       |       |       |     1 |     5 |     1 ||     7
Armor: Scale mail        |    59 |    65 |   242 |       |       |       ||   366
       Chain mail        |       |       |    19 |   371 |  1076 |   209 ||  1675
       Troll leather arm |       |       |       |       |       |    48 ||    48
Dodge: Dodged            |    36 |    57 |   169 |   181 |   357 |    96 ||   896
